 Dungeon Crawl Stone Soup version 0.30-a0-339-g89bb51ec76 (console) character file.

Game seed: 5000432494153152457

18797 jejorda2 the Impaler (level 12, -1/88 HPs)
             Began as a Merfolk Berserker on Oct 31, 2022.
             Was an Elder of Trog.
             Slain by a yak (4 damage)
             ... on level 11 of the Dungeon.
             The game lasted 00:33:21 (12324 turns).

jejorda2 the Impaler (Merfolk Berserker)           Turns: 12324, Time: 00:33:21

Health: -1/88      AC: 18    Str: 21    XL:     12   Next: 62%
Magic:  8/12       EV:  7    Int:  6    God:    Trog [****..]
Gold:   701        SH:  0    Dex: 15    Spells: 11/11 levels left

rFire   . . .      SeeInvis .    a - +6 bardiche {vorpal, *Noise rPois Will+ rCorr}
rCold   + . .      Faith    .    (shield currently unavailable)
rNeg    . . .      Spirit   .    E - +0 plate armour
rPois   +          Reflect  .    (no helmet)
rElec   .          Harm     .    y - +0 cloak
rCorr   +          Rampage  .    g - +2 pair of gloves {infuse}
Will    ++...                    B - +0 pair of boots
Stlth   ..........               (no amulet)
HPRegen 0.34/turn                I - ring of willpower
MPRegen 0.13/turn                F - ring of protection from cold

@: no status effects
A: (nimble swimmer 2), mertail
a: Renounce Religion, Berserk, Trog's Hand, Brothers in Arms


You were on level 11 of the Dungeon.
You worshipped Trog.
Trog was greatly pleased with you.
You visited 1 branch of the dungeon, and saw 11 of its levels.
You also visited: Ossuary and Bailey.

You collected 776 gold pieces.
You spent 75 gold pieces at shops.

Inventory:

Hand Weapons
 a - the +6 bardiche of the Singing Dove (weapon) {vorpal, *Noise rPois Will+ rCorr}
   (You acquired it on level 5 of the Dungeon)

   It inflicts extra damage upon your enemies.
   rPois:     It protects you from poison.
   *Noise:    It may make noises in combat.
   rCorr:     It protects you from acid and corrosion.
   Will:      It increases your willpower.
 b - a +0 trident
 A - a +0 antimagic spear
Missiles
 e - 120 stones
 k - 3 boomerangs
 v - 38 poisoned darts (quivered)
 z - 3 silver boomerangs
 O - 6 javelins
Armour
 g - a +2 pair of gloves of infusion (worn)
 y - a +0 cloak (worn)
 B - a +0 pair of boots (worn)
 E - a +0 plate armour (worn)
Jewellery
 F - a ring of protection from cold (right hand)
 I - a ring of willpower (left hand)
Wands
 l - a wand of charming (12)
 t - a wand of polymorph (24)
 D - a wand of flame (44)
Scrolls
 c - 5 scrolls of blinking
 d - 3 scrolls of enchant weapon
 o - a scroll of silence
 q - 3 scrolls of fog
 r - 3 scrolls of poison
 u - a scroll of brand weapon
 w - 2 scrolls of enchant armour
 G - 2 scrolls of immolation
 H - a scroll of teleportation
 K - 3 scrolls of fear
Potions
 f - 5 potions of might
 h - 3 potions of invisibility
 j - 4 potions of magic
 m - 2 potions of heal wounds
 n - 4 potions of attraction
 p - 2 potions of haste
 s - 4 potions of flight
 x - 6 potions of curing
 C - 2 potions of mutation
 J - 5 potions of ambrosia
 N - a potion of lignification
Miscellaneous
 L - a tin of tremorstones (2/2)


   Skills:
 - Level 6.0 Fighting
 * Level 20.8 Polearms
 - Level 6.0 Throwing
 - Level 6.0 Armour
 - Level 2.6 Dodging
 + Level 3.9 Evocations


You had 11 spell levels left.
You didn't know any spells.
Your spell library was empty.

Dungeon Overview and Level Annotations

Branches:
Dungeon (11/15)            Temple (0/1) D:7             Orc (0/2) D:9
Ossuary (visited)          Bailey (visited)
   Lair: D:8-11

Altars:
Qazlal
Ru
Trog
The Shining One

Shops:
D:1 :   D:7 [   D:10 !

Annotations:
D:4 1 runed translucent door, CertainDeath's ghost, amateur MiFi


Innate Abilities, Weirdness & Mutations

((You are very nimble when in or above water. (Stealth+, EV+, Speed+++)))
Your lower body shifts to a powerful aquatic tail in water.


Message History

Something hits you but does no damage.
You slice the yak!!
The yak is severely wounded.
A yak comes into view.
The yak gores you! Something hits you!
You are too injured to fight recklessly!
You are too injured to fight recklessly!
You are too injured to fight recklessly!
You are too injured to fight recklessly!
You barely miss the yak.
The yak is severely wounded.
Something hits you but does no damage.
You slice the yak!!
You kill the yak!
Trog accepts your kill. Something hits you.
Your life force feels restored.
The yak gores you.
You see here a yak corpse.
You slash the yak!
The yak is heavily wounded.
Something hits you but does no damage. The yak gores you!
* * * LOW HITPOINT WARNING * * *
You slice the yak like a ripe choko!!!
You kill the yak!
Trog accepts your kill. Something hits you.
* * * LOW HITPOINT WARNING * * *
The yak barely misses you. Something hits you but does no damage.
You barely miss the yak. Something hits you but does no damage.
Something hits you.
* * * LOW HITPOINT WARNING * * *
The yak gores you!
* * * LOW HITPOINT WARNING * * *
You barely miss the yak. Something hits you but does no damage.
The yak gores you!
* * * LOW HITPOINT WARNING * * *
You barely miss the yak. Something hits you but does no damage.
The yak gores you.
You die...

.......# .......#
###......... .......
........... .......####
........... .......#..#
..........
.......#..#####.........
.......#..#.............
.......#..#......Y......
..........#....†@.......
.........[....#.........
..............#.........
..............#.........
..<.......############..
..............# .
..............#
..............#
###########...####.


You could see a yak.

Vanquished Creatures
  An orc warlord (Bailey)
  A queen bee (D:9)
  A wyvern (D:7)
  12 yaks
  2 wraiths
  2 acid dragons
  3 water moccasins
  Duvessa (D:6)
  Pargi (D:4)
  An ice beast (D:7)
  A swamp drake (D:9)
  A black bear (D:5)
  18 orc warriors
  A sky beast (D:7)
  The ghost of sirJeffrey23 the Shield-Bearer, an amateur FoFi (D:3)
  3 ogres
  9 centaurs
  A phantom (D:6)
  3 kobold brigands
  3 bullfrogs (D:7)
  A necrophage (D:7)
  2 scorpions
  16 wights
  Dowan (D:6)
  22 killer bees
  2 howler monkeys
  4 bullfrog zombies (Ossuary)
  3 centaur zombies (Ossuary)
  A jelly (D:7)
  Crazy Yiuf (D:3)
  10 orc priests
  14 orc wizards
  4 iguanas (D:5)
  2 scorpion zombies (Ossuary)
  3 ogre zombies (Ossuary)
  7 gnolls (Bailey)
  12 adders
  A shadow imp (D:6)
  3 white imps
  A worm (D:5)
  5 adder zombies (Ossuary)
  9 dart slugs
  46 orcs
  6 bats
  5 endoplasms
  7 giant cockroaches
  A gnoll zombie (Ossuary)
  19 goblins
  19 hobgoblins
  28 kobolds
  3 quokkas
  10 ball pythons
  3 frilled lizards
  8 goblin zombies (Ossuary)
  A hobgoblin zombie (Ossuary)
  5 orc zombies (Ossuary)
  6 rats
357 creatures vanquished.

Vanquished Creatures (others)
  A killer bee (D:9)
  An orc wizard (D:7)
2 creatures vanquished.

Grand Total: 359 creatures vanquished

Notes
Turn   | Place    | Note
-------+----------+-------------------------------------------
     0 | D:1      | jejorda2 the Merfolk Berserker began the quest for the Orb.
     0 | D:1      | Reached XP level 1. HP: 18/18 MP: 1/1
   203 | D:1      | Reached XP level 2. HP: 24/24 MP: 2/2
   385 | D:1      | Reached XP level 3. HP: 29/29 MP: 3/3
   415 | D:1      | Found Yzeppas's Vocational Training.
   574 | D:1      | Reached skill level 5 in Polearms
   710 | D:1      | Reached ** piety under Trog
  1300 | D:2      | Reached XP level 4. HP: 37/37 MP: 4/4
  1839 | D:3      | Found a transporter.
  1839 | D:3      | Noticed sirJeffrey23's ghost (amateur FoFi)
  1938 | D:3      | Reached XP level 5. HP: 37/42 MP: 5/5
  1948 | D:3      | Reached skill level 6 in Polearms
  2011 | D:3      | Found a stormy altar of Qazlal.
  2066 | D:3      | Reached *** piety under Trog
  2294 | D:3      | Found a runed translucent door.
  2295 | D:3      | Noticed Crazy Yiuf
  2301 | D:3      | Killed Crazy Yiuf
  2708 | D:3      | Found a transporter.
  2996 | D:4      | Reached XP level 6. HP: 49/49 MP: 6/6
  3211 | D:4      | Found a runed translucent door.
  3211 | D:4      | Noticed CertainDeath's ghost (amateur MiFi)
  3283 | D:4      | Noticed Pargi
  3295 | D:4      | Killed Pargi
  3296 | D:4      | Reached skill level 7 in Polearms
  3746 | D:5      | Entered Level 5 of the Dungeon
  3746 | D:5      | Noticed a black bear
  3759 | D:5      | Killed a black bear
  3760 | D:5      | Reached skill level 5 in Fighting
  3767 | D:5      | Reached XP level 7. HP: 46/56 MP: 7/7
  3773 | D:5      | Reached skill level 8 in Polearms
  3952 | D:5      | Found a sand-covered staircase.
  3980 | Ossuary  | Entered an ossuary
  4057 | Ossuary  | Reached skill level 9 in Polearms
  4164 | Ossuary  | Reached XP level 8. HP: 62/64 MP: 0/8
  4738 | Ossuary  | Reached skill level 1 in Throwing
  4817 | Ossuary  | Reached skill level 10 in Polearms
  4860 | Ossuary  | Noticed a silent spectre
  4909 | D:5      | Identified a scroll of acquirement
  4909 | D:5      | Acquired the +6 bardiche of the Singing Dove {vorpal,
                  | *Noise rPois Will+ rCorr}
  5033 | D:5      | Found a sacrificial altar of Ru.
  5367 | D:5      | Reached **** piety under Trog
  5525 | D:6      | Noticed Dowan
  5526 | D:6      | Noticed Duvessa
  5532 | D:6      | Killed Duvessa
  5537 | D:6      | Killed Dowan
  5576 | D:6      | Reached skill level 11 in Polearms
  5576 | D:6      | Reached XP level 9. HP: 69/69 MP: 6/9
  6135 | D:7      | Reached skill level 12 in Polearms
  6161 | D:7      | Found a staircase to the Ecumenical Temple.
  6242 | D:7      | Reached skill level 5 in Armour
  6468 | D:7      | Reached skill level 13 in Polearms
  6476 | D:7      | Reached XP level 10. HP: 48/76 MP: 3/10
  6493 | D:7      | Reached skill level 5 in Throwing
  6752 | D:7      | Found Pedelas's Antique Armour Emporium.
  7733 | D:8      | Reached ***** piety under Trog
  8171 | D:9      | Reached skill level 14 in Polearms
  8348 | D:9      | Received a gift from Trog
  8599 | D:9      | Reached skill level 15 in Polearms
  8875 | D:9      | Found a glowing golden altar of the Shining One.
  8892 | D:9      | Found a bloodstained altar of Trog.
  9037 | D:9      | Reached skill level 16 in Polearms
  9045 | D:9      | Reached XP level 11. HP: 57/81 MP: 2/11
  9591 | D:9      | Found a staircase to the Orcish Mines.
  9729 | D:10     | Entered Level 10 of the Dungeon
  9741 | D:10     | Found a flagged portal.
  9769 | Bailey   | Entered a bailey
  9966 | Bailey   | Reached skill level 1 in Evocations
 10202 | Bailey   | Reached skill level 17 in Polearms
 10249 | Bailey   | Noticed an orc warlord
 10257 | Bailey   | Killed an orc warlord
 10515 | Bailey   | Reached skill level 20 in Polearms
 10515 | Bailey   | Reached XP level 12. HP: 88/88 MP: 12/12
 11430 | D:10     | Found Keygriul's Distillery.
 11439 | D:10     | Bought a potion of berserk rage for 75 gold pieces
 11846 | D:3      | Killed sirJeffrey23's ghost
 12323 | D:11     | HP: 3/88 [yak (9)]
 12324 | D:11     | Slain by a yak

Illustrated notes

Levels and vault maps discovered:
D:1:      scummos_arrival_hexagon, layout_basic, st_stairs_3,
          nicolae_shop_vocational
D:2:      minmay_door_path, layout_basic
D:3:      layout_basic, mainiacjoe_overflow_paths, gammafunk_ghost_arena,
          uniq_crazy_yiuf_cottage
D:4:      layout_cave_pods, hellmonk_ghost_happy_afterlife, serial_column_ruins,
          column_ruins_square_medium, column_ruins_grid_4, column_ruins_grid_1,
          column_ruins_corridor_plus, column_ruins_open_small,
          column_ruins_open_tiny, column_ruins_open_small, uniq_pargi
D:5:      layout_rooms, mainiacjoe_overflow_boulevard,
          nicolae_ossuary_entry_monument
D:6:      layout_basic, uniq_duvessa
D:7:      minmay_bubble_buster, layout_loops_ring,
          minmay_temple_entry_statues_fountains, minmay_shop_grid_forest,
          amethyst_killhole
D:8:      layout_basic, serial_glass, glass_columns_a, glass_columns_a,
          glass_columns_a, glass_columns_a, glass_columns_a, glass_columns_c,
          glass_columns_a, glass_columns_c
D:9:      layout_rooms, mainiacjoe_overflow_catch_the_wave, erik_orc_1,
          hangedman_decor_peaks_small, minivault_7
D:10:     layout_cave_pods, serial_shops, nicolae_lakefront_shop, enter_bailey_2
D:11:     layout_grid_maze, dpeg_oklobed_lair, uniq_lodul, uniq_erica, uniq_grum

Skill      XL: |  1  2  3  4  5  6  7  8  9 10 11 12 |
---------------+-------------------------------------+-----
Polearms       | 5 6 7 9 11 13 16 20 | 20.8
Armour         | 2 3 4 5 6 |  6.0
Fighting       | 4 5 6 |  6.0
Throwing       | 2 4 6 |  6.0
Evocations     | 2 3 |  3.9
Dodging        | |  2.6

Action                   |  1- 3 |  4- 6 |  7- 9 | 10-12 || total
-------------------------+-------+-------+-------+-------++-------
Melee: Spear             |   132 |   217 |   214 |       ||   563
       Punch             |     1 |     1 |     5 |       ||     7
       Bardiche          |       |       |   114 |   414 ||   528
       Unarmed           |       |       |    13 |       ||    13
Throw: Stone             |       |     5 |       |       ||     5
       Dart              |       |       |       |     8 ||     8
Invok: Berserk           |     1 |     3 |     5 |     5 ||    14
       Trog's Hand       |       |     2 |     3 |     5 ||    10
       Brothers in Arms  |       |       |       |     1 ||     1
Evoke: Wand              |       |       |       |     1 ||     1
  Use: Potion            |       |     1 |       |     1 ||     2
       Scroll            |       |       |    18 |     7 ||    25
 Stab: Sleeping          |     4 |     4 |       |       ||     8
Armor: Animal skin       |     6 |       |       |       ||     6
       Leather armour    |     8 |    34 |       |       ||    42
       Scale mail        |       |    21 |   143 |     1 ||   165
       Plate armour      |       |       |       |   282 ||   282
Dodge: Dodged            |    54 |    87 |   126 |   143 ||   410

Table legend: (Time is in decaauts)
 A = Elapsed time spent in this place.
 B = Non-inter-level travel time spent in this place.
 C = Inter-level travel time spent in this place.
 D = Time resting spent in this place.
 E = Time spent auto-exploring this place.
 F = Levels seen in this place.
 G = Mean time per level.
                   A        B        C        D        E       F      G
               +--------+--------+--------+--------+--------+-----+--------+
         Total |  12370 |  11745 |    625 |   1007 |   8208 |  13 |  951.5 |
       Dungeon |  10603 |   9978 |    625 |    480 |   7565 |  11 |  963.9 |
       Ossuary |    890 |    890 |      0 |    496 |    118 |   1 |  890.0 |
        Bailey |    877 |    877 |      0 |     31 |    525 |   1 |  877.0 |
               +--------+--------+--------+--------+--------+-----+--------+

Top non-repeatable levels by time:
     D:9: 1698 daAuts
     D:7: 1398 daAuts
    D:10: 1326 daAuts
     D:3: 1263 daAuts
     D:2: 899 daAuts
 Ossuary: 890 daAuts
  Bailey: 877 daAuts
     D:1: 838 daAuts
     D:8: 838 daAuts
     D:5: 831 daAuts
     D:4: 811 daAuts
     D:6: 586 daAuts
    D:11: 109 daAuts
